 Dungeon Crawl Stone Soup version 0.17.0-9-g801d43b (webtiles) character file.

790 dracony the Shield-Bearer (level 7, -2/61 HPs)
             Began as a Hill Orc Fighter on Nov 10, 2015.
             Was an Elder of Jiyva.
             Slain by a river rat (4 damage)
             ... on level 5 of the Dungeon.
             The game lasted 00:40:07 (4266 turns).

dracony the Shield-Bearer (Hill Orc Fighter)        Turns: 4266, Time: 00:40:08

Health: -2/61      AC: 10    Str: 25 (27) XL:     7   Next: 87%
Magic:  7/7        EV:  7    Int:  9      God:    Jiyva [****..]
Gold:   101        SH: 10    Dex:  7 (8)  Spells: 0 memorised, 6 levels left

rFire  . . .     SeeInvis .     a - +0 flail
rCold  . . .     Clarity  +     s - +0 chain mail
rNeg   . . .     SustAt   .     c - +0 shield
rPois  .         Gourm    .     (no helmet)
rElec  .         Spirit   .     (no cloak)
rCorr  +         Warding  .     (no gloves)
rMut   .         Stasis   .     (no boots)
MR     .....                    (no amulet)
Stlth  ..........               (no ring)
                                h - ring of flight

@: mighty, not resistant to hostile enchantments, extremely unstealthy
A: clarity, deterioration 1
a: Request Jelly, Jelly Paralyse, Slimify, Renounce Religion, Evoke Flight


You were on level 5 of the Dungeon.
You worshipped Jiyva.
Jiyva was greatly pleased with you.
You were not hungry.

You visited 1 branch of the dungeon, and saw 6 of its levels.

You collected 101 gold pieces.

Inventory:

Hand Weapons
 a - a +0 flail (weapon)
 m - a +0 shortbow
 n - a +0 morningstar
 u - a +0 morningstar
 v - a +0 long sword
 w - a +0 flail
Missiles
 g - 18 sling bullets
 i - 82 arrows
 k - 58 stones (quivered)
 p - 39 poisoned needles
Armour
 b - a +0 scale mail
 c - a +0 shield (worn)
 r - a +0 leather armour of cold resistance
 s - a +0 chain mail (worn)
 y - a +0 ring mail
Jewellery
 h - a ring of flight (left hand)
Scrolls
 j - a scroll of identify
 l - a scroll of teleportation
 o - 2 scrolls of immolation {unknown}
Potions
 q - a potion of poison
Comestibles
 e - 2 bread rations
 f - a beef jerky
 t - a slice of pizza
 x - a royal jelly
 z - 3 chunks of flesh


   Skills:
 + Level 5.6 Fighting
 + Level 4.1 Maces & Flails
 + Level 1.0 Throwing
 + Level 5.6 Armour
 + Level 2.2 Dodging
 + Level 5.7 Shields


You had 6 spell levels left.
You didn't know any spells.

Dungeon Overview and Level Annotations

Branches:
Dungeon (6/15)
 Temple: D:4-7

Altars:
Gozag
The Shining One
Jiyva


Innate Abilities, Weirdness & Mutations

You possess an exceptional clarity of mind.
Your body sometimes deteriorates upon taking damage.


Message History

The river rat is severely wounded.
The river rat closely misses you.
You hit the river rat.
The river rat is almost dead.
You block the river rat's attack.
You closely miss the river rat.
The river rat is almost dead.
The river rat bites you!
* * * LOW HITPOINT WARNING * * *
The river rat bites you but does no damage.
You closely miss the river rat.
The river rat is almost dead.
You block the river rat's attack.
Your chain mail prevents you from hitting the river rat.
The river rat is almost dead.
You block the river rat's attack.
Your shield and chain mail prevent you from hitting the river rat.
The river rat is almost dead.
The river rat bites you.
You die...

######.# #.####
#....#.# #....#
#.##.#.# ####.#
#.#.<#.# #.#
..####.###########
#.#
.................#
#.#
######..########.#
#.# #..# .+ #.#
#.# #..#..# #@#
#.# #..#..# #r#
#.# #..#..### #S#
#.# #..#..... #)#
#.# #..#.....
#.#### #.#
.#####..#####.
#....# #.#
.....#..#.....
#.##.# #.#
.....#..#.....
#....####.##
###..#..#..###
#.###......#


You could see a river rat and a ball python.

Vanquished Creatures
  The ghost of damnubber the Ruffian, an amateur MiMo of Zin (D:4)
  Duvessa (D:5)
  A centaur (D:5)
  Dowan (D:5)
  A crimson imp (D:5)
  A giant frog skeleton (D:4)
  A hound (D:5)
  A worker ant (D:5)
  A hound zombie (D:5)
  6 adders
  A river rat (D:5)
  A shadow imp (D:5)
  An adder skeleton (D:5)
  3 worms (D:2)
  A giant gecko (D:2)
  3 orcs (D:4)
  5 bats
  4 goblins
  8 hobgoblins
  2 jackals (D:4)
  4 kobolds
  A quokka (D:5)
  4 giant cockroaches
  4 giant newts
  6 rats
63 creatures vanquished.

Vanquished Creatures (others)
  Sigmund (D:4)
  An ogre (D:5)
  2 giant frogs
  14 jellies
  2 scorpions (D:4)
  A centaur skeleton (D:5)
  An orc priest (D:5)
  2 worker ants
  An iguana (D:5)
  2 adders (D:3)
  An ooze (D:5)
  2 worms
  7 orcs
  A giant cockroach (D:3)
  2 goblins (D:3)
  5 hobgoblins
  7 jackals (D:3)
  2 quokkas
  A ball python skeleton (D:5)
  2 bats (D:3)
  A giant newt (D:3)
  2 rats (D:3)
60 creatures vanquished.

Grand Total: 123 creatures vanquished

Notes
Turn   | Place    | Note
--------------------------------------------------------------
     0 | D:1      | dracony the Hill Orc Fighter began the quest for the Orb.
     0 | D:1      | Reached XP level 1. HP: 19/19 MP: 1/1
   216 | D:1      | Reached XP level 2. HP: 22/27 MP: 2/2
   705 | D:1      | Reached XP level 3. HP: 20/33 MP: 3/3
   980 | D:2      | Reached skill level 4 in Fighting
  1009 | D:2      | Found a faded altar to an unknown god.
  1043 | D:2      | Reached skill level 1 in Dodging
  1088 | D:2      | Became a worshipper of Jiyva Jerob the Shapeless
  1088 | D:2      | Reached * piety under Jiyva
  1245 | D:2      | Reached XP level 4. HP: 23/40 MP: 4/4
  1409 | D:2      | Reached ** piety under Jiyva
  1629 | D:3      | Killed a giant frog
  1856 | D:4      | Reached XP level 5. HP: 37/46 MP: 5/5
  1859 | D:4      | Noticed Sigmund
  1868 | D:4      | Killed Sigmund
  1868 | D:4      | Reached XP level 6. HP: 42/53 MP: 3/6
  1876 | D:4      | Reached *** piety under Jiyva
  2082 | D:4      | Noticed damnubber's ghost (amateur MiMo)
  2178 | D:3      | Found an opulent altar of Gozag.
  2178 | D:3      | Found a glowing golden altar of the Shining One.
  2292 | D:3      | Gained mutation: Your body sometimes deteriorates upon taking damage. [Jiyva's grace]
  3035 | D:4      | Killed damnubber's ghost
  3035 | D:4      | Reached skill level 5 in Shields
  3088 | D:4      | Reached **** piety under Jiyva
  3348 | D:5      | Entered Level 5 of the Dungeon
  3497 | D:5      | Reached skill level 5 in Fighting
  3497 | D:5      | Reached skill level 5 in Armour
  3497 | D:5      | Reached XP level 7. HP: 38/61 MP: 7/7
  3648 | D:5      | Gained mutation: You possess an exceptional clarity of mind. [Jiyva's grace]
  4215 | D:6      | Noticed Duvessa
  4217 | D:6      | Noticed Dowan
  4231 | D:5      | Killed Duvessa
  4233 | D:5      | Killed Dowan
  4233 | D:5      | Reached skill level 1 in Throwing
  4263 | D:5      | HP: 2/61 [river rat (7)]
  4266 | D:5      | Slain by a river rat

Action                   |  1- 3 |  4- 6 |  7- 9 || total
-------------------------+-------+-------+-------++-------
Melee: Flail             |   148 |   199 |    84 ||   431
Throw: Stone             |    30 |     4 |       ||    34
Invok: Request Jelly     |       |     3 |     4 ||     7
       Slimify           |       |       |     1 ||     1
  Use: Scroll            |     3 |       |     2 ||     5
       Potion            |     3 |     6 |     2 ||    11
  Eat: Chunk             |     1 |     1 |       ||     2
       Beef jerky        |       |       |     1 ||     1
